 Seeded DCSS version 0.30.0-15-g856e2d3f33 (webtiles) character file.

Game seed: 3163248098711790417 (custom seed)

1341 bmack86 the Chopper (level 8, -5/70 HPs)
             Began as a Minotaur Fighter on May 18, 2023.
             Was a Believer of Okawaru.
             Slain by a wight
             ... wielding a +4 trident
              (14 damage)
             ... on level 6 of the Dungeon.
             The game lasted 00:13:13 (3976 turns).

bmack86 the Chopper (Minotaur Fighter)              Turns: 3976, Time: 00:13:14

Health: -5/70      AC:  3    Str: 23    XL:     8   Next: 35%
Magic:  7/9        EV: 11    Int:  5    God:    Okawaru [**....]
Gold:   232        SH:  6    Dex: 10    Spells: 7/7 levels left

rFire   . . .        e - +4 war axe (freeze)
rCold   . . .        c - +0 buckler
rNeg    . . .        b - +0 scale mail
rPois   .            (helmet restricted)
rElec   .            d - +1 cloak
rCorr   .            (no gloves)
SInv    +            (no boots)
Will    .....        (no amulet)
Stlth   +            w - ring of see invisible
HPRegen 0.31/turn    (no ring)
MPRegen 0.11/turn

%: no passive effects
@: heroic, corroded
A: horns 2, retaliatory headbutt
a: Renounce Religion, Heroism


You were on level 6 of the Dungeon.
You worshipped Okawaru.
Okawaru was pleased with you.
You visited 1 branch of the dungeon, and saw 6 of its levels.

You collected 232 gold pieces.

Inventory:

Hand Weapons
 a - a +0 war axe
 e - a +4 war axe of freezing (weapon)
Missiles
 f - 14 poisoned darts (quivered)
 j - a throwing net
Armour
 b - a +0 scale mail (worn)
 c - a +0 buckler (worn)
 d - a +1 cloak (worn)
 o - a scarf of repulsion
 y - a +1 hat
Jewellery
 w - a ring of see invisible (left hand)
Wands
 x - a wand of mindburst (10)
Scrolls
 h - a scroll of noise
 k - a scroll of silence
 l - a scroll of teleportation
 s - a scroll of fear
 v - a scroll of blinking
Potions
 g - 2 potions of brilliance {unknown}
 i - 2 potions of mutation
 m - a potion of berserk rage
 n - a potion of might
 p - 2 potions of resistance
 q - 2 potions of attraction
 r - 2 potions of lignification
 t - 2 potions of curing {unknown}
 u - a potion of degeneration {unknown}


   Skills:
 + Level 6.0(11.0) Fighting
 * Level 7.1(12.1) Axes
 + Level 3.5(8.5) Throwing
 + Level 5.9(10.9) Armour
 + Level 5.9(10.9) Shields
 + Level 3.1 Invocations


You had 7 spell levels left.
You didn't know any spells.
Your spell library contained the following spells:

 Spells                   Type           Power      Damage    Failure   Level
 Apportation              Tloc           0%         N/A       78%         1
 Necrotise                Necr           0%         1d4       78%         1
 Gell's Gravitas          Tloc           0%         N/A       98%         3
 Teleport Other           Tloc           0%         N/A       98%         3
 Vhi's Electric Charge    Tloc/Air       0%         N/A       98%         3
 Arcjolt                  Conj/Air       0%         1d10      100%        5
 Dispersal                Tloc           0%         N/A       100%        6
 Plasma Beam              Fire/Air       0%         2x1d11    100%        6
 Summon Small Mammal      Summ           Unusable   N/A       N/A         1

Dungeon Overview and Level Annotations

Branches:
Dungeon (6/15)             Temple (0/1) D:4

Altars:
Fedhas
Gozag
Okawaru
Xom

Shops:
D:5 [?*?

Annotations:
D:5 5 runed translucent doors


Innate Abilities, Weirdness & Mutations

You have a pair of horns on your head.
You reflexively headbutt those who attack you in melee.


Message History

The white imp barely misses you. You furiously retaliate!
You headbutt the white imp!
You kill the white imp!
Okawaru accepts your kill.
Your Fighting skill increases to level 6!
Your Axes skill increases to level 7!
You slash the orc! You freeze the orc.
You kill the orc!
Okawaru accepts your kill.
You slash the jelly! You freeze the jelly. The acid corrodes you!
Your hands burn!
You hit the sleepcap but do no damage. You block the jelly's attack.
The sleepcap releases spores at you but does no damage.
The wight hits you from afar with a +4 trident!
You hit the jelly but do no damage. The acid corrodes you!
Your hands burn!
You headbutt the jelly.
The jelly is almost dead.
You slash the sleepcap! You freeze the sleepcap. The jelly hits you.
You are splashed with acid!
The sleepcap releases spores at you.
You are engulfed in a cloud of soporific spores!
You fall asleep.
The wight hits you from afar with a +4 trident!!
You wake up.
The jelly hits you.
You are splashed with acid!
* * * LOW HITPOINT WARNING * * *
You hit the jelly. You freeze the jelly.
You kill the jelly!
Okawaru accepts your kill.
You hit the sleepcap. You freeze the sleepcap.
The sleepcap releases spores at you.
* * * LOW HITPOINT WARNING * * *
The wight barely misses you.
Unknown command.
Found 14 gold pieces.
Found a shimmering altar of Xom.
The sleepcap releases spores at you.
* * * LOW HITPOINT WARNING * * *
You block the wight's attack.
You gain the combat prowess of a mighty hero.
The sleepcap barely misses you. You furiously retaliate!
You headbutt the sleepcap! The wight hits you with a +4 trident!
You die...

~ ### $~.§##########
#######.. ○☼....z@.....#
#.......#
~☼~≈..$f)....###.......#
§§≈≈>..................#
§§≈..........###.......#
###..........# #......##
#..........# ######.'.
#..........##########.
#...........#......#..
....^.....#.<....#..


You could see a sleepcap and a wight.

Vanquished Creatures
  A sky beast (D:5)
  2 ogres (D:5)
  2 phantoms (D:5)
  A bullfrog (D:6)
  4 scorpions
  A howler monkey (D:5)
  2 orc priests (D:6)
  A jelly (D:6)
  Crazy Yiuf (D:3)
  2 gnoll boudas
  Ijyb (D:5)
  A sleepcap (D:6)
  4 iguanas
  An orc wizard (D:6)
  6 gnolls
  8 adders
  A white imp (D:6)
  2 ufetubi
  3 worms
  2 dart slugs
  8 orcs
  5 ball pythons
  4 endoplasms
  A giant cockroach (D:3)
  7 goblins
  7 hobgoblins
  4 jackals (D:1)
  6 kobolds
  A quokka (D:1)
  3 bats
  12 frilled lizards
  8 rats
112 creatures vanquished.

Vanquished Creatures (others)
  An adder (D:6)
1 creature vanquished.

Grand Total: 113 creatures vanquished

Notes
Turn   | Place    | Note
-------+----------+-------------------------------------------
     0 | D:1      | bmack86 the Minotaur Fighter began the quest for the Orb.
     0 | D:1      | Reached XP level 1. HP: 19/19 MP: 0/0
   190 | D:1      | Reached XP level 2. HP: 27/27 MP: 1/1
   277 | D:1      | Reached skill level 3 in Axes
   414 | D:1      | Reached XP level 3. HP: 31/33 MP: 2/2
   682 | D:2      | Noticed a scorpion
   688 | D:2      | Killed a scorpion
   689 | D:2      | Reached skill level 1 in Throwing
   689 | D:2      | Reached XP level 4. HP: 36/40 MP: 3/3
  1005 | D:3      | Reached skill level 4 in Axes
  1009 | D:3      | Reached XP level 5. HP: 35/47 MP: 4/4
  1054 | D:3      | Found an iron altar of Okawaru.
  1063 | D:3      | Became a worshipper of Warmaster Okawaru
  1366 | D:3      | Found an opulent altar of Gozag.
  1425 | D:3      | Found a runed translucent door.
  1426 | D:3      | Noticed Crazy Yiuf
  1677 | D:3      | Killed Crazy Yiuf
  1937 | D:4      | Found a staircase to the Ecumenical Temple.
  1946 | D:4      | Reached XP level 6. HP: 55/55 MP: 5/5
  1953 | D:4      | Reached skill level 1 in Invocations
  2627 | D:5      | Entered Level 5 of the Dungeon
  2646 | D:5      | Reached skill level 5 in Axes
  2746 | D:5      | Found the +9 staff of Olgreb {rPois∞}
  2750 | D:5      | Found a runed translucent door.
  2759 | D:5      | Noticed a redback
  2760 | D:5      | Found a runed translucent gate.
  2760 | D:5      | Found a runed translucent gate.
  2761 | D:5      | Found a runed translucent door.
  2764 | D:5      | Found Icwyloz's Magic Scroll Shoppe.
  2766 | D:5      | Found Yssag's General Store.
  2779 | D:5      | Found Rev Veet's Magic Scroll Emporium.
  2792 | D:5      | Reached * piety under Okawaru
  2793 | D:5      | Reached skill level 5 in Fighting
  2826 | D:5      | Noticed a water moccasin
  2833 | D:5      | Found a runed translucent gate.
  2833 | D:5      | Noticed a water moccasin
  2833 | D:5      | Noticed a water moccasin
  2834 | D:5      | Noticed a redback
  2916 | D:5      | Reached skill level 5 in Armour
  2916 | D:5      | Reached skill level 5 in Shields
  2916 | D:5      | Reached XP level 7. HP: 59/61 MP: 7/7
  3098 | D:5      | Reached skill level 6 in Axes
  3147 | D:5      | Found Goc Xuo's Antique Armour Boutique.
  3149 | D:5      | Noticed Ijyb
  3150 | D:5      | Paralysed by Ijyb for 2 turns
  3160 | D:5      | Paralysed by Ijyb for 4 turns
  3165 | D:5      | Killed Ijyb
  3335 | D:5      | Found a blossoming altar of Fedhas.
  3499 | D:5      | Reached XP level 8. HP: 40/70 MP: 7/9
  3971 | D:6      | Reached ** piety under Okawaru
  3972 | D:6      | Reached skill level 7 in Axes
  3975 | D:6      | Found a shimmering altar of Xom.
  3976 | D:6      | Slain by a wight

Illustrated notes

Levels and vault maps discovered:
D:1:      lightli_arrival_boilingwater, layout_loops_ring
D:2:      layout_rooms
D:3:      layout_rooms, okawaru_gym_becter, nicolae_overflow_crystal_walls,
          serial_forest, infiniplex_forest_clump_medium,
          infiniplex_forest_lined_2, infiniplex_forest_clump_small,
          infiniplex_forest_lined_2, infiniplex_forest_corner_1,
          infiniplex_forest_clump_small, infiniplex_forest_clump_C,
          minmay_lizard_king, uniq_crazy_yiuf_cottage
D:4:      layout_basic, minmay_temple_entry_from_below_a,
          minmay_misc_feat_enclosed
D:5:      layout_loops_ring, mainiacjoe_overflow_small_starburst, serial_shops,
          shop, shop, shop, shop, minmay_guarded_unrand_staff_of_olgreb,
          uniq_ijyb
D:6:      nicolae_cairo_tiling_very_big, layout_rooms, grunt_qazlal_clouds,
          xom_confusion_cloud

Skill      XL: |  1  2  3  4  5  6  7  8 |
---------------+-------------------------+-----
Axes           | 3 4 5 6 7 |  7.1
Shields        | 4 5 |  5.9
Fighting       | 4 5 6 |  6.0
Throwing       | 1 2 3 |  3.5
Armour         | 4 5 |  5.9
Invocations    | 1 2 3 |  3.1

Action                     |  1- 3 |  4- 6 |  7- 9 || total
---------------------------+-------+-------+-------++-------
  Melee: War axe           |    58 |    97 |    80 ||   235
         Headbutt          |     2 |    13 |    12 ||    27
 Invoke: Heroism           |       |       |     1 ||     1
    Use: Scroll            |       |    18 |       ||    18
         Potion            |       |     1 |       ||     1
 Armour: Scale mail        |    26 |    62 |    39 ||   127
  Dodge: Dodged            |    26 |    60 |    21 ||   107
  Block: Buckler           |    14 |    30 |    11 ||    55
